Map: 2000 Atmósferas EE

Players

Mars - Winner!

  • Race: Zerg Zerg
  • League: Diamond

Mako

  • Race: Terran Terran
  • League: Diamond

VOD

Have the link to the VOD?

Description

Time

  • Played on: June 6, 2021, 7:06 p.m.
  • Length: 15:43
Show
View Real Time Build Order
Export as new Build Order

Mars Zerg - Winner!

Build Orders: Pool First 

Get SALT Encoding   

  12  0:00  Drone  
  13  0:13  Overlord  
  13  0:17  Drone  
  14  0:31  Drone x2  
  16  0:36  Extractor  
  15  0:46  Spawning Pool  
  15  0:47  Drone  
  15  0:51  Drone  
  16  0:57  Drone  
  17  1:20  Hatchery  
  16  1:31  Drone  
  17  1:33  Zergling x2  
  17  1:34  Zergling x2  
  19  1:40  Metabolic Boost  
  19  1:50  Queen  
  21  1:59  Spine Crawler  
  20  2:02  Zergling x2  
  21  2:10  Zergling x2  
  21  2:11  Overlord  
  22  2:27  Spine Crawler  
  21  2:43  Drone x3  
  24  2:44  Drone  
  25  2:59  Zergling x6  
  27  3:16  Zergling x8  
  25  3:30  Zergling x4  
  25  3:31  Queen  
  29  3:55  Zergling x8  
  27  4:06  Queen x2  
  31  4:13  Zergling x8  
  35  4:28  Zergling x2  
  35  4:30  Overlord  
  36  4:42  Overlord x3  
  36  4:58  Baneling Nest, Drone x2  
  37  5:01  Drone, Extractor  
  37  5:09  Drone x5  
  42  5:16  Drone x3  
  42  5:18  Drone x2  
  42  5:20  Lair  
  47  5:40  Drone x6  
  53  5:49  Baneling x3  
  53  5:50  Zergling x2, Baneling x4  
  53  5:51  Zergling x6  
  53  5:56  Drone  
  58  6:00  Drone, Extractor  
  54  6:34  Zergling x16  
  55  6:49  Zergling x8  
  55  6:52  Drone  
  55  6:53  Drone  
  59  6:57  Extractor  
  58  7:02  Spire  
  58  7:03  Spore Crawler  
  58  7:05  Spore Crawler  
  58  7:06  Overseer  
  58  7:08  Drone x2  
  57  7:24  Hatchery  
  56  7:31  Drone x3  
  56  7:32  Drone  
  56  7:33  Drone  
  56  7:34  Hatchery  
  56  7:37  Drone x3  
  63  7:46  Baneling x9  
  63  7:59  Evolution Chamber  
  63  8:02  Evolution Chamber  
  62  8:05  Drone x3  
  62  8:06  Drone x3, Overlord x3  
  67  8:20  Baneling  
  67  8:21  Baneling x2, Overlord  
  67  8:22  Overlord  
  67  8:32  Mutalisk x2  
  67  8:33  Mutalisk  
  67  9:07  Drone x10  
  67  9:08  Queen  
  67  9:09  Mutalisk x4  
  79  9:10  Mutalisk x3  
  93  9:18  Queen  
  93  9:22  Zerg Ground Armor Level 1  
  95  9:33  Drone x3, Extractor  
  95  9:34  Extractor  
  95  9:35  Drone x3  
  95  9:37  Drone x3  
  102  9:45  Baneling x6  
  102  10:01  Drone x6  
  100  10:31  Zergling x32  
  116  10:36  Mutalisk x2  
  116  10:37  Overlord x3  
  120  10:47  Baneling x6  
  120  10:48  Centrifical Hooks  
  120  10:50  Zerg Melee Weapons Level 1  
  120  10:55  Infestation Pit  
  119  10:57  Zerg Flyer Armor Level 1  
  119  11:03  Drone x5  
  124  11:08  Drone x3, Extractor  
  124  11:09  Drone, Extractor  
  124  11:10  Drone x2  
  124  11:11  Overlord  
  95  12:21  Zergling x2, Hive  
  95  12:22  Zergling x18, Mutalisk  
  104  12:23  Mutalisk x11  
  104  12:25  Overseer  
  128  12:42  Hatchery  
  127  12:45  Zergling x16  
  135  12:53  Baneling x5  
  135  12:59  Drone  
  135  13:00  Drone x3, Overlord x3  
  135  13:03  Overlord x4  
  139  13:07  Zerg Flyer Weapons Level 1  
  139  13:08  Zerg Ground Armor Level 2  
  139  13:09  Zerg Melee Weapons Level 2  
  139  13:35  Pneumatized Carapace  
  139  13:40  Mutalisk x4, Zergling x2, Extractor  
  139  13:41  Zergling x8, Ultralisk Cavern  
  146  13:42  Zergling x12  
  156  14:17  Baneling x11  
  156  14:19  Overlord x5  
  156  14:20  Overlord  
  156  14:35  Ultralisk x7  
  198  14:52  Drone x2  
  189  15:25  Zergling x12  
Show
View Real Time Build Order
Export as new Build Order

Mako Terran 

Build Orders:  

Get SALT Encoding   

  12  0:01  SCV  
  13  0:14  SCV  
  13  0:19  Supply Depot  
  14  0:26  SCV  
  15  0:42  Barracks  
  15  0:56  Barracks  
  15  1:11  Barracks  
  15  1:16  SCV  
  16  1:30  Marine  
  17  1:33  SCV  
  17  1:38  Supply Depot  
  18  1:43  Marine  
  19  1:47  Marine  
  20  1:56  SCV  
  20  2:01  Supply Depot, Marine  
  22  2:03  Marine  
  22  2:05  Marine  
  24  2:18  Marine  
  24  2:20  Marine  
  26  2:23  Marine  
  27  2:36  Orbital Command, Marine  
  28  2:38  Marine  
  28  2:41  Marine  
  30  2:54  Marine  
  30  2:56  Marine  
  32  2:59  Marine  
  32  3:01  Bunker  
  33  3:10  Bunker  
  33  3:12  Marine  
  33  3:14  Marine  
  33  3:16  Marine  
  27  3:30  Bunker, Marine  
  27  3:32  Marine  
  29  3:34  Marine  
  29  3:37  Bunker  
  28  3:52  Marine x3  
  24  4:12  Command Center  
  24  4:28  SCV  
  25  4:31  Refinery x2  
  25  4:35  Bunker  
  24  4:40  SCV  
  18  4:56  SCV  
  19  5:08  SCV  
  20  5:20  SCV, Factory  
  21  5:24  Orbital Command  
  21  5:31  Barracks Reactor  
  21  5:32  SCV  
  21  5:34  Marine x2  
  24  5:44  SCV  
  25  5:50  SCV  
  25  5:52  Marine x2  
  25  5:56  SCV  
  29  6:03  SCV  
  30  6:05  Factory Tech Lab  
  30  6:08  SCV, Starport  
  30  6:10  Marine x2  
  33  6:11  Marine x2  
  33  6:15  Supply Depot, SCV  
  32  6:31  Marine x3  
  29  6:37  Siege Tank  
  30  6:41  Marine  
  29  6:49  Marine  
  30  7:01  Supply Depot x2  
  30  7:07  SCV  
  31  7:09  Supply Depot  
  31  7:13  Orbital Command  
  31  7:16  Marine  
  31  7:17  Marine  
  31  7:22  SCV  
  34  7:34  Siege Tank  
  37  7:37  Barracks Tech Lab  
  37  7:40  Marine x2  
  37  7:42  SCV  
  40  7:55  SCV  
  40  7:58  Supply Depot  
  41  8:05  Marine x2  
  43  8:07  SCV  
  44  8:13  Supply Depot x2  
  44  8:19  SCV  
  45  8:26  Supply Depot  
  48  8:27  Siege Tank  
  48  8:32  SCV  
  48  8:33  Stimpack  
  49  8:44  SCV  
  50  8:56  SCV  
  50  8:59  Orbital Command  
  51  9:03  Supply Depot x2  
  51  9:05  Supply Depot  
  51  9:07  Barracks Reactor  
  51  9:08  SCV, Marine x2  
  54  9:17  Starport Reactor  
  54  9:20  SCV  
  55  9:32  SCV  
  56  9:43  SCV  
  56  9:44  SCV  
  58  9:51  Command Center  
  58  9:58  Supply Depot, SCV  
  59  10:10  Marine x3  
  54  10:27  Marine x2  
  54  10:33  Marine  
  55  10:44  Supply Depot  
  55  10:45  Siege Tank  
  55  10:46  Combat Shield  
  55  10:49  SCV x2  
  60  10:56  Medivac  
  62  10:57  Medivac  
  62  10:58  Marine x3  
  67  11:04  SCV x2  
  67  11:05  Barracks x2  
  67  11:08  Supply Depot, Refinery  
  67  11:09  Refinery  
  69  11:15  Marine  
  69  11:16  SCV, Marine  
  69  11:17  SCV  
  71  11:26  Medivac  
  71  11:28  SCV  
  74  11:32  Engineering Bay  
  74  11:34  Engineering Bay, SCV  
  67  11:48  Siege Tank  
  68  12:07  Marine  
  68  12:08  Marine x6  
  44  12:25  Marine  
  44  12:26  Marine x3  
  48  12:46  Orbital Command  
  48  13:07  Barracks Reactor x2  
  48  13:10  Marine  
  48  13:11  Marine x4  
  53  13:17  SCV x2  
  55  13:31  Marine x5  
  60  13:35  SCV  
  60  13:36  SCV  
  62  13:42  SCV  
  62  13:44  Marine  
  62  13:47  SCV  
  62  13:48  SCV  
  66  13:49  Marine  
  66  13:53  Marine x2  
  66  13:55  SCV  
  70  13:59  SCV  
  70  14:00  SCV  
  70  14:02  Marine x2  
  72  14:03  Marine x2  
  72  14:04  Marine x2  
  78  14:16  Marine x2  
  78  14:17  Marine  
  80  14:20  Marine x3  
  80  14:23  Marine  
  80  14:24  Marine  
  86  14:26  SCV  
  87  14:34  Siege Tank  
  77  14:49  Marine x5  
  77  14:50  Marine x3  
  79  15:03  Supply Depot  
  79  15:04  Supply Depot  
  79  15:07  Supply Depot  
  79  15:08  Supply Depot  
  79  15:14  Orbital Command  
  79  15:23  Marine x2  
  79  15:24  Marine x4  
  79  15:25  Marine  
Tags
 
Add a new tag
Caveats
  • Supply blocks, unpowered buildings, or Contaminate may cause inaccurate times.
  • Supply counts are checked every 10 seconds.